 Dungeon Crawl Stone Soup version 0.31-a0-523-g071a6c1ffa (webtiles) character file.

Game seed: 10612675242305514728

263 Shayle the Trooper (level 6, -3/62 HPs)
             Began as an Ogre Shapeshifter on Aug 11, 2023.
             Slain by a black bear (6 damage)
             ... on level 4 of the Dungeon.
             The game lasted 00:05:58 (2988 turns).

Shayle the Trooper (Ogre Shapeshifter)              Turns: 2988, Time: 00:05:59

Health: -3/62      AC:  3    Str: 20    XL:     6   Next: 19%
Magic:  11/11      EV: 10    Int: 11    God:
Gold:   110        SH:  0    Dex:  9    Spells: 9/12 levels left

rFire   . .          .
                       - Unarmed
rCold   . . .        (no shield)
rNeg    . . .        a - +0 animal skin
rPois   .            (helmet currently unavailable)
rElec   .            (cloak currently unavailable)
rCorr   .            (gloves unavailable)
SInv    .            (boots unavailable)
Will    .....        (no amulet)
Stlth   +            (no ring)
HPRegen 0.30/turn    (no ring)
MPRegen 0.12/turn

%: no passive effects
@: beast-form
A: beast (slay +2), large, unfitting armour, tough skin 1
a: Begin Untransformation


You were on level 4 of the Dungeon.
You were a hulking beast.
You visited 1 branch of the dungeon, and saw 4 of its levels.

You collected 110 gold pieces.

Inventory:

Hand Weapons
 j - a +2 dagger of protection
Armour
 a - a +0 animal skin (worn)
Jewellery
 b - a ring of fire
 h - a ring of see invisible
 k - a ring of ice
 m - a ring of ice
Talismans
 c - a beast talisman (active)
 d - a flux talisman
Wands
 n - a wand of charming (3)
Scrolls
 e - a scroll of amnesia {unknown}
 f - 3 scrolls of identify
 g - a scroll of poison
 i - a scroll of vulnerability {unknown}


   Skills:
 + Level 3.7 Fighting
 - Level 2.0 Dodging
 + Level 3.6 Unarmed Combat
 * Level 3.6 Spellcasting
 + Level 1.2 Conjurations
 + Level 1.2 Earth Magic
 - Level 3.1 Shapeshifting


You had 9 spell levels left.
You knew the following spells:

 Your Spells              Type           Power      Damage    Failure   Level
a - Stone Arrow           Conj/Erth      8%         3d7       41%         3

Your spell library contained the following spells:

 Spells                   Type           Power      Damage    Failure   Level
 Sandblast                Erth           8%         2d5       16%         1
 Passwall                 Tmut/Erth      2%         N/A       28%         2


Dungeon Overview and Level Annotations

Branches:
Dungeon (4/15)
 Temple: D:4-7

Altars:
Dithmenos
Hepliaklqana
Kikubaaqudgha
Sif Muna
Yredelemnul

Annotations:
D:2 1 runed translucent door, Crazy Yiuf


Innate Abilities, Weirdness & Mutations

You are a hulking beast.
Your limbs bulge with bestial killing power. (Slay +2)
You are too large for most types of armour.
You have tough skin. (AC +1)


Message History

The black bear is severely wounded.
The black bear barely misses you. The black bear claws you.
The black bear claws you but does no damage.
You hit the black bear.
The black bear is severely wounded.
The black bear bites you.
The black bear claws you but does no damage.
The black bear closely misses you.
You hit the black bear.
The black bear is severely wounded.
The black bear barely misses you. The black bear claws you.
* * * LOW HITPOINT WARNING * * *
The black bear barely misses you.
You hit the black bear.
The black bear is severely wounded.
The black bear bites you.
* * * LOW HITPOINT WARNING * * *
The black bear barely misses you. The black bear claws you.
* * * LOW HITPOINT WARNING * * *
You hit the black bear.
The black bear is severely wounded.
The black bear goes berserk!
You hit the black bear but do no damage.
The black bear is severely wounded.
The black bear bites you but does no damage.
The black bear closely misses you. x2; The black bear barely misses you.
The black bear claws you.
* * * LOW HITPOINT WARNING * * *
The black bear claws you.
* * * LOW HITPOINT WARNING * * *
Unknown command.
Okay, then.
It was a potion of cancellation.
You feel magically purged. The black bear misses you.
The black bear closely misses you. The black bear completely misses you.
As you read the scroll labelled ULEYTE TYIWO, it crumbles to dust.
It is a scroll of identify.
g - a scroll of poison The black bear bites you.
You die...

#............###...###
##........)........##
##.................##
#......###........##
#.....## ##########
#.....## #......##
#.%....h###
#....#.h..#
########.......
#######


You could see a black bear (berserk).

Vanquished Creatures
  A hound (D:4)
  Natasha (thrice) (D:3)
  Terence (D:3)
  4 adders
  2 worms (D:3)
  A dart slug (D:1)
  An orc (D:3)
  4 endoplasms
  4 giant cockroaches
  4 goblins
  5 hobgoblins
  9 kobolds
  2 quokkas (D:2)
  4 ball pythons
  6 bats
  5 frilled lizards
  10 rats
66 creatures vanquished.

Vanquished Creatures (collateral kills)
  A jelly (D:4)
  A goblin (D:4)
  A kobold (D:4)
3 creatures vanquished.

Grand Total: 69 creatures vanquished

Notes
Turn   | Place    | Note
-------+----------+-------------------------------------------
     0 | D:1      | Shayle the Ogre Shapeshifter began the quest for the Orb.
     0 | D:1      | Reached XP level 1. HP: 19/19 MP: 1/1
    44 | D:1      | Reached XP level 2. HP: 25/28 MP: 2/2
   403 | D:1      | Reached skill level 1 in Spellcasting
   434 | D:1      | Reached XP level 3. HP: 35/35 MP: 4/4
   661 | D:1      | Found a faded altar of an unknown god.
  1025 | D:2      | Reached XP level 4. HP: 28/44 MP: 5/7
  1367 | D:2      | Learned a level 3 spell: Stone Arrow
  1727 | D:2      | Found a runed translucent door.
  1728 | D:2      | Noticed Crazy Yiuf
  1978 | D:3      | Noticed Natasha
  1982 | D:3      | Killed Natasha
  2011 | D:3      | Noticed Natasha
  2016 | D:3      | Killed Natasha
  2017 | D:3      | Reached XP level 5. HP: 53/53 MP: 9/9
  2095 | D:3      | Noticed Terence
  2107 | D:3      | Killed Terence
  2195 | D:3      | Noticed Natasha
  2330 | D:3      | Killed Natasha
  2741 | D:3      | Found a basalt altar of Yredelemnul.
  2790 | D:3      | Found a shadowy altar of Dithmenos.
  2790 | D:3      | Found a hazy altar of Hepliaklqana.
  2797 | D:3      | Found an ancient bone altar of Kikubaaqudgha.
  2797 | D:3      | Found a shimmering blue altar of Sif Muna.
  2853 | D:4      | Reached skill level 1 in Conjurations
  2853 | D:4      | Reached skill level 1 in Earth Magic
  2909 | D:4      | Noticed a black bear
  2923 | D:4      | Reached XP level 6. HP: 11/61 MP: 11/11
  2986 | D:4      | HP: 2/62 [black bear (5)]
  2988 | D:4      | Slain by a black bear

Illustrated notes

Levels and vault maps discovered:
D:1:      psy_arrival_terrarium, layout_basic,
          shapermc_ecumenical_altar_totnotflames
D:2:      layout_loops_cross, uniq_crazy_yiuf_cottage
D:3:      layout_loops_ring, minmay_overflow_temple_star_hex,
          kennysheep_doodads, uniq_terence, uniq_natasha
D:4:      layout_layer_cave, grunt_ministairs_14, minmay_between

Skill      XL: |  1  2  3  4  5 |
---------------+----------------+-----
Dodging        | 2 |  2.0
Fighting       | 2 3 |  3.7
Unarmed Combat | 3 |  3.6
Spellcasting   | 1 2 3 |  3.6
Conjurations   | 1 |  1.2
Earth Magic    | 1 |  1.2
Shapeshifting  | |  3.1

Action                     |  1- 3 |  4- 6 || total
---------------------------+-------+-------++-------
  Melee: Unarmed           |    92 |   106 ||   198
         Punch             |     3 |     2 ||     5
  Evoke: Wand              |       |     4 ||     4
    Use: Potion            |       |     3 ||     3
         Scroll            |       |     1 ||     1
   Stab: Sleeping          |       |     1 ||     1
 Armour: Animal skin       |    36 |    32 ||    68
         Skin              |       |     4 ||     4
  Dodge: Dodged            |    39 |    65 ||   104

Table legend: (Time is in decaauts)
 A = Elapsed time spent in this place.
 B = Non-inter-level travel time spent in this place.
 C = Inter-level travel time spent in this place.
 D = Time resting spent in this place.
 E = Time spent auto-exploring this place.
 F = Levels seen in this place.
 G = Mean time per level.
                   A        B        C        D        E       F      G
               +--------+--------+--------+--------+--------+-----+--------+
         Total |   2977 |   2871 |    106 |    120 |   2115 |   4 |  744.2 |
       Dungeon |   2977 |   2871 |    106 |    120 |   2115 |   4 |  744.2 |
               +--------+--------+--------+--------+--------+-----+--------+

Top non-repeatable levels by time:
     D:3: 1037 daAuts
     D:2: 959 daAuts
     D:1: 835 daAuts
     D:4: 144 daAuts
